 Dungeon Crawl Stone Soup version 0.30-a0-879-ga8ba668304 (webtiles) character file.

Game seed: 17694977096893729620

134 Pimp the Firebug (level 5, -4/28 HPs)
             Began as a Gargoyle Fire Elementalist on Mar 13, 2023.
             Slain by an orc warrior
             ... wielding a +0 scimitar
              (9 damage)
             ... on level 2 of the Dungeon.
             The game lasted 00:08:59 (2431 turns).

Pimp the Firebug (Gargoyle Fire Elementalist)       Turns: 2431, Time: 00:09:00

Health: -4/28      AC:  8    Str: 10 (12) XL:     5   Next: 17%
Magic:  9/9        EV: 12    Int: 17      God:
Gold:   127        SH:  0    Dex:  9 (10) Spells: 6/9 levels left

rFire   . . .      SeeInvis .    e - +5 lajatang (spect)
rCold   . . .      Faith    .    (shield currently unavailable)
rNeg    + . .      Spirit   .    a - +0 robe
rPois   ∞          Reflect  .    n - +0 hat
rElec   +          Rampage  .    (no cloak)
rCorr   .                        i - +0 pair of gloves
Will    .....                    d - +0 pair of boots
Stlth   ++                       (no amulet)
HPRegen 0.24/turn                (no ring)
MPRegen 0.11/turn                (no ring)

@: hasted, very quick
A: sickness immunity, AC +4, negative energy resistance 1, electricity
resistance, torment resistance 1, petrification resistance
a: no special abilities


You were on level 2 of the Dungeon.
You visited 1 branch of the dungeon, and saw 4 of its levels.

You collected 127 gold pieces.

Inventory:

Hand Weapons
 c - a +0 heavy short sword
 e - a +5 spectral lajatang (weapon)
 f - a +1 short sword of electrocution
Missiles
 q - 2 throwing nets
Armour
 a - a +0 robe (worn)
 d - a +0 pair of boots (worn)
 i - a +0 pair of gloves (worn)
 n - a +0 hat (worn)
Wands
 l - a wand of paralysis (9)
Scrolls
 g - 3 scrolls of identify
 h - 2 scrolls of enchant armour
 j - a scroll of torment
Potions
 p - a potion of lignification {unknown}


   Skills:
 * Level 0.0 Staves
 + Level 2.3 Dodging
 + Level 3.3 Stealth
 + Level 2.7 Spellcasting
 + Level 2.4 Conjurations
 + Level 3.6 Fire Magic


You had 6 spell levels left.
You knew the following spells:

 Your Spells              Type           Power      Damage    Failure   Level
a - Foxfire               Conj/Fire      48%        2x1d6     5%          1
b - Scorch                Fire           28%        2d6       6%          2

Your spell library contained the following spells:

 Spells                   Type           Power      Damage    Failure   Level
 Inner Flame              Hex/Fire       8%         N/A       26%         3
 Kindle Blastsparks       Fire/Tloc/Air  12%        2d11      32%         3
 Flame Wave               Conj/Fire      12%        2d6       45%         4


Dungeon Overview and Level Annotations

Branches:
Dungeon (4/15)
 Temple: D:4-7

Altars:
Ru

Annotations:
D:3 1 runed translucent door, kenny's ghost, amateur DECj


Innate Abilities, Weirdness & Mutations

You are immune to sickness and miasma.
Your stone body is resilient. (AC +4)
You are immune to poison.
You resist negative energy. (rN+)
You are resistant to electric shocks. (rElec)
You are resistant to unholy torment.
You are immune to petrification.


Message History

You climb upwards.
There is a stone staircase leading down here.
You start resting.
HP restored.
You climb downwards.
Level annotation: 1 runed translucent door, kenny's ghost, amateur DECj The orc warrior barely misses you.
The orc warrior hits you but does no damage.
There is a stone staircase leading up here.
You feel yourself speed up.
The orc warrior hits you with a +0 scimitar!
You hit the orc warrior.
The orc warrior is lightly wounded.
Your +5 spectral lajatang hits the orc warrior.
The orc warrior misses you.
You climb upwards.
There is a stone staircase leading down here.
You hit the orc warrior but do no damage.
The orc warrior is lightly wounded.
Your +5 spectral lajatang hits the orc warrior but does no damage.
The orc warrior hits you with a +0 scimitar!
You closely miss the orc warrior.
The orc warrior is lightly wounded.
Your +5 spectral lajatang misses the orc warrior.
The orc warrior misses you.
You barely miss the orc warrior.
The orc warrior is lightly wounded.
Your +5 spectral lajatang barely misses the orc warrior.
The orc warrior hits you with a +0 scimitar!
* * * LOW HITPOINT WARNING * * *
You hit the orc warrior.
The orc warrior is moderately wounded.
Your +5 spectral lajatang barely misses the orc warrior.
The orc warrior hits you with a +0 scimitar.
* * * LOW HITPOINT WARNING * * *
You closely miss the orc warrior.
The orc warrior is moderately wounded.
Your +5 spectral lajatang barely misses the orc warrior.
The orc warrior hits you with a +0 scimitar!
You die...

#..........................
##..)).....####..........#.
######..#####...........##
#..# #.............. ##.#
#.#............ #.#
#.##........#.#
#.####.###......##.#
#......# #########.#
###@...# #.# ##.o(##.# #.#
##..####.# #.# ##..## #.##
#.# ##>.## #..## #.# ##..##
##..## #.# ##..## ##..# #.#
#..## ##.### #.# #.#####
#...## #.#


You could see an orc warrior and a friendly +5 spectral lajatang (summoned).

Vanquished Creatures
  3 gnolls (D:3)
  3 adders (D:2)
  2 worms (D:2)
  4 dart slugs
  3 orcs
  2 ball pythons
  6 endoplasms
  3 giant cockroaches
  4 goblins
  7 hobgoblins
  4 quokkas
  2 bats
  6 frilled lizards
  7 kobolds
  5 rats
61 creatures vanquished.

Vanquished Creatures (others)
  33 foxfires
  A plant (D:3)
34 creatures vanquished.

Grand Total: 95 creatures vanquished

Notes
Turn   | Place    | Note
-------+----------+-------------------------------------------
     0 | D:1      | Pimp the Gargoyle Fire Elementalist began the quest for the
                  | Orb.
     0 | D:1      | Reached XP level 1. HP: 10/10 MP: 3/3
   130 | D:1      | Reached XP level 2. HP: 12/15 MP: 1/5
   286 | D:1      | Learned a level 2 spell: Scorch
   495 | D:1      | Reached XP level 3. HP: 14/19 MP: 6/6
   900 | D:2      | Reached XP level 4. HP: 19/24 MP: 0/7
  1575 | D:3      | Found a sacrificial altar of Ru.
  1608 | D:3      | Found a faded altar of an unknown god.
  1645 | D:3      | Reached XP level 5. HP: 10/28 MP: 2/9
  2115 | D:3      | Found a runed translucent door.
  2117 | D:3      | Noticed kenny's ghost (amateur DECj)
  2271 | D:4      | Noticed an orc warrior
  2275 | D:4      | Identified a scroll of acquirement
  2351 | D:3      | Acquired a +5 spectral lajatang
  2431 | D:2      | Slain by an orc warrior

Illustrated notes

Levels and vault maps discovered:
D:1:      lemuel_arrival_muddy, layout_rooms, minmay_misc_feat_chi
D:2:      cheibrodos_helix_gallery, layout_rooms
D:3:      cheibrodos_old_hovel, layout_rooms, mainiacjoe_overflow_chevrons,
          basic_ecumenical_altar, hellmonk_ghost_happy_afterlife
D:4:      layout_cave_pools

Skill      XL: |  1  2  3 |
---------------+----------+-----
Dodging        | 2 |  2.3
Stealth        | 3 |  3.3
Conjurations   | 2 |  2.4
Spellcasting   | |  2.7
Fire Magic     | |  3.6

Action                     |  1- 3 |  4- 6 || total
---------------------------+-------+-------++-------
  Melee: Short sword       |   118 |    32 ||   150
         Unarmed           |     2 |       ||     2
         Punch             |       |     1 ||     1
         Lajatang          |       |     6 ||     6
   Cast: Foxfire           |     9 |    11 ||    20
         Scorch            |    22 |    18 ||    40
    Use: Potion            |     5 |     2 ||     7
         Scroll            |     4 |     8 ||    12
   Stab: Sleeping          |     2 |       ||     2
 Armour: Robe              |    69 |    12 ||    81
  Dodge: Dodged            |   116 |    31 ||   147

Table legend: (Time is in decaauts)
 A = Elapsed time spent in this place.
 B = Non-inter-level travel time spent in this place.
 C = Inter-level travel time spent in this place.
 D = Time resting spent in this place.
 E = Time spent auto-exploring this place.
 F = Levels seen in this place.
 G = Mean time per level.
                   A        B        C        D        E       F      G
               +--------+--------+--------+--------+--------+-----+--------+
         Total |   2411 |   2303 |    108 |    492 |   1051 |   4 |  602.8 |
       Dungeon |   2411 |   2303 |    108 |    492 |   1051 |   4 |  602.8 |
               +--------+--------+--------+--------+--------+-----+--------+

Top non-repeatable levels by time:
     D:2: 891 daAuts
     D:3: 773 daAuts
     D:1: 733 daAuts
     D:4: 13 daAuts
